Edmonton Oilers vs Detroit Red Wings
Created - Monday, February 23, 2026 at 07:24
Goals
|
| Edmonton Oilers |
3 |
1 |
2 |
6 |
| Detroit Red Wings |
1 |
1 |
1 |
3 |
|
Shots
|
| Edmonton Oilers |
15 |
10 |
15 |
40 |
| Detroit Red Wings |
6 |
12 |
7 |
25 |
|
1st period
1. Detroit Red Wings , Collin Graf 12 (Cutter Gauthier 17) at 5:07 (PP)
2. Edmonton Oilers , Kirill Marchenko 15 (Jacob Trouba 9, Ryan McLeod 15) at 5:34 (PP)
3. Edmonton Oilers , Kirill Marchenko 16 (Adrian Kempe 25, Ryan McLeod 16) at 5:42
4. Edmonton Oilers , Boone Jenner 7 (Dylan Holloway 11, Dawson Mercer 7) at 15:45
Penalties :
David Savard (EDM) for Slashing (Minor) at 4:55, Fraser Minten (DET) for Holding (Minor) at 5:27, Jacob Trouba (EDM) for Roughing (Minor) at 10:57, Fraser Minten (DET) for Delaying the game (Minor) at 16:41, Fraser Minten (DET) for Tripping (Minor) at 19:49
2nd period
5. Edmonton Oilers , Brock Boeser 10 (Connor McMichael 13, Ryan McLeod 17) at 8:09
6. Detroit Red Wings , Brad Lambert 1 (Nate Danielson 1) at 19:43
Penalties :
Cutter Gauthier (DET) for Delaying the game (Minor) at 3:28, Kevin Stenlund (DET) for Hooking (Minor) at 12:50, Tanner Jeannot (EDM) for Tripping (Minor) at 17:25
3rd period
7. Detroit Red Wings , Cutter Gauthier 11 (Jackson LaCombe 9) at 15:55 (PP)
8. Edmonton Oilers , Jake DeBrusk 11 (Brock Boeser 19) at 18:51 (Empty Net)
9. Edmonton Oilers , Kirill Marchenko 17 (Adrian Kempe 26, Ryan McLeod 18) at 19:33
Penalties :
Evan Bouchard (EDM) for Cross-checking (Minor) at 3:09, Tanner Jeannot (EDM) for Cross-checking (Minor) at 14:32
Goalie Stats
Karel Vejmelka (EDM), 22 saves from 25 shots - (0.880), W, 12-8-3, 60:00 minutes
Laurent Brossoit (DET), 34 saves from 39 shots - (0.872), L, 1-9-0, 59:39 minutes
Players Stats for Edmonton Oilers
Player Name G A P +/- PIM S H SB GA TA FO MP PP MP PK MP
------------------------------------------------------------------------------------
Adrian Kempe 0 2 2 2 0 5 1 1 1 0 0/1 17:07 3:59 0:00
Boone Jenner 1 0 1 1 0 1 0 0 0 0 11/17 11:23 0:02 0:00
Brandon Carlo 0 0 0 -1 0 2 0 1 0 0 0/0 23:01 4:04 3:01
Brock Boeser 1 1 2 2 0 2 3 0 0 0 3/5 18:57 4:02 3:27
Connor McMichael 0 1 1 2 0 4 2 0 0 0 11/21 15:07 4:02 0:00
David Savard 0 0 0 3 2 3 0 2 0 0 0/0 23:49 3:59 4:13
Dawson Mercer 0 1 1 0 0 1 1 1 0 0 1/2 12:34 0:02 0:46
Derek Ryan 0 0 0 0 0 0 0 0 0 0 0/0 8:03 0:00 0:00
Dylan Holloway 0 1 1 1 0 4 1 0 0 0 0/0 11:23 0:02 0:00
Evan Bouchard 0 0 0 3 2 2 0 1 2 2 0/0 22:33 3:59 3:05
Jacob Trouba 0 1 1 -1 2 1 1 0 0 0 0/0 21:40 4:04 1:42
Jake DeBrusk 1 0 1 2 0 4 1 1 2 1 1/2 19:00 4:02 3:24
Kirill Marchenko 3 0 3 2 0 9 1 0 1 0 0/0 20:32 3:59 3:25
Morgan Barron 0 0 0 -1 0 0 1 0 0 0 1/3 9:14 0:00 0:52
Ryan McLeod 0 4 4 2 0 1 4 0 0 0 18/26 20:17 3:59 3:10
Scott Mayfield 0 0 0 2 0 0 1 0 1 0 0/0 15:05 0:00 2:04
Tanner Jeannot 0 0 0 -1 4 0 1 0 2 0 0/0 8:20 0:00 0:00
Troy Stecher 0 0 0 2 0 1 0 2 0 1 0/0 14:18 0:00 0:59
Players Stats for Detroit Red Wings
Player Name G A P +/- PIM S H SB GA TA FO MP PP MP PK MP
------------------------------------------------------------------------------------
Brad Lambert 1 0 1 0 0 2 3 0 0 0 0/1 8:30 0:41 0:56
Christian Fischer 0 0 0 1 0 1 0 0 0 1 0/0 6:40 0:00 0:00
Cole Sillinger 0 0 0 -1 0 2 1 0 0 0 10/27 19:53 3:30 4:06
Collin Graf 1 0 1 -3 0 5 2 1 0 1 0/0 21:15 3:33 3:33
Conor Timmins 0 0 0 1 0 1 2 0 0 2 0/0 14:24 0:00 3:42
Cutter Gauthier 1 1 2 -3 2 2 3 1 1 0 6/24 17:40 3:33 0:00
Dmitry Orlov 0 0 0 -3 0 1 2 1 0 1 0/0 20:37 3:09 3:53
Fraser Minten 0 0 0 -4 6 0 0 3 0 0 1/3 19:35 3:30 0:20
Jackson LaCombe 0 1 1 -2 0 0 3 0 1 0 0/0 28:44 4:23 4:10
Jamie Drysdale 0 0 0 -3 0 0 0 1 0 0 0/0 14:34 0:00 0:00
Kasperi Kapanen 0 0 0 0 0 0 0 0 0 1 0/0 9:59 0:00 0:00
Kevin Stenlund 0 0 0 0 2 2 1 1 0 1 13/20 13:06 0:00 2:44
Kris Letang 0 0 0 -2 0 2 2 1 0 0 0/0 26:49 4:11 4:10
Nate Danielson 0 1 1 0 0 1 1 0 0 0 1/1 7:28 0:38 0:00
Shayne Gostisbehere 0 0 0 1 0 2 0 0 1 0 0/0 14:52 3:21 0:11
Tanner Pearson 0 0 0 0 0 1 0 1 0 0 0/0 13:22 3:21 0:00
Vasili Podkolzin 0 0 0 -1 0 0 1 1 1 2 0/1 13:54 0:29 0:45
Zachary L'Heureux 0 0 0 -1 0 3 4 0 0 0 0/0 20:30 3:21 3:42
3 Stars
1 - Kirill Marchenko (EDM)
2 - Ryan McLeod (EDM)
3 - Brock Boeser (EDM)
Power Play
Edmonton Oilers - 1 on 5 Attempt(s) - 20.00%
Detroit Red Wings - 2 on 5 Attempt(s) - 40.00%
Penalty Kill
Edmonton Oilers - 3 on 5 Attempt(s) - 60.00%
- Score 0 goal in Penalty Kill
Detroit Red Wings - 4 on 5 Attempt(s) - 80.00%
- Score 0 goal in Penalty Kill
Team Stat
Edmonton Oilers - Hits : 18 - Faceoff Wins : 46 - Blocked Shots : 9 - Penalty Minutes : 10
Detroit Red Wings - Hits : 25 - Faceoff Wins : 31 - Blocked Shots : 11 - Penalty Minutes : 10
Official
Referees : Reid Anderson and Pierre Lambert
Linesman : Jesse Marquis and Andrew Smith
Game Notes
Jake DeBrusk has scored in a empty net!
Kirill Marchenko has scored a Hat Trick!
Finance
Level 1 -- Attendance: 5247 (87.45%) -- Ticket Income $498,465
Level 2 -- Attendance: 5000 (100.00%) -- Ticket Income $275,000
Level 3 -- Attendance: 2640 (88.00%) -- Ticket Income $79,200
Level 4 -- Attendance: 5000 (100.00%) -- Ticket Income $100,000
Luxury Box -- Attendance: 946 (94.60%) -- Ticket Income $179,740
Game was played at the Joe Louis Arena.
Total Attendance: 18833 (94.17%)
Total Ticket Income: $1,132,405
Other Income: $396,342
Total Income: $1,528,747
Edmonton Oilers
5 vs 5 Forward
Center Left Wing Right Wing Time % Phy DF OF
1 Ryan McLeod Adrian Kempe Kirill Marchenko 30 1 2 2
2 Connor McMichael Jake DeBrusk Brock Boeser 30 1 2 2
3 Boone Jenner Dylan Holloway Dawson Mercer 25 1 2 2
4 Morgan Barron Tanner Jeannot Derek Ryan 15 1 2 2
5 vs 5 Defense
Defense Defense Time % Phy DF OF
1 Jacob Trouba Brandon Carlo 35 1 2 2
2 David Savard Evan Bouchard 35 1 2 2
3 Troy Stecher Scott Mayfield 30 1 2 2
4 Troy Stecher Jacob Trouba 0 1 2 2
PowerPlay Forward
Center Left Wing Right Wing Time % Phy DF OF
1 Ryan McLeod Adrian Kempe Kirill Marchenko 50 1 2 2
2 Connor McMichael Jake DeBrusk Brock Boeser 50 1 2 2
PowerPlay Defense
Defense Defense Time % Phy DF OF
1 Jacob Trouba Brandon Carlo 50 1 2 2
2 David Savard Evan Bouchard 50 1 2 2
Penalty Kill 4 Players Forward
Center Wing Time % Phy DF OF
1 Ryan McLeod Kirill Marchenko 50 1 2 2
2 Brock Boeser Jake DeBrusk 50 1 2 2
Penalty Kill 4 Players Defense
Defense Defense Time % Phy DF OF
1 Jacob Trouba Brandon Carlo 50 1 2 2
2 David Savard Evan Bouchard 50 1 2 2
Penalty Kill - 3 Players Forward
Forward Time % Phy DF OF
1 Brock Boeser 50 1 2 2
2 Kirill Marchenko 50 1 2 2
Penalty Kill - 3 Players Defense
Defense Defense Time % Phy DF OF
1 Jacob Trouba Brandon Carlo 50 1 2 2
2 David Savard Evan Bouchard 50 1 2 2
4 vs 4 Forward
Center Wing Time % Phy DF OF
1 Ryan McLeod Kirill Marchenko 50 1 2 2
2 Brock Boeser Adrian Kempe 50 1 2 2
4 vs 4 Defense
Defense Defense Time % Phy DF OF
1 Jacob Trouba Brandon Carlo 50 1 2 2
2 David Savard Evan Bouchard 50 1 2 2
Last Minutes Offensive
Center Left Wing Right Wing Defense Defense
Ryan McLeod Adrian Kempe Kirill Marchenko Jacob Trouba Brandon Carlo
Last Minutes Defensive
Center Left Wing Right Wing Defense Defense
Ryan McLeod Adrian Kempe Kirill Marchenko Jacob Trouba Brandon Carlo
Goaltenders
Starting : Karel Vejmelka
Backup : Juuse Saros
Extra Forwards
Normal : Dylan Holloway, Boone Jenner, Dawson Mercer - PP : Dylan Holloway, Boone Jenner - PK : Dawson Mercer
Extra Defensemen
Normal : Jacob Trouba, Scott Mayfield, Troy Stecher - PP : Jacob Trouba - PK : Scott Mayfield, Troy Stecher
Penalty Shots
Boone Jenner, Kirill Marchenko, Brock Boeser, Jake DeBrusk, Ryan McLeod
Scratches
Luke Hughes (Healthy), Brett Pesce (Healthy), Xavier Bourgault (Healthy), Jonathan Quick (Healthy)
Detroit Red Wings
5 vs 5 Forward
Center Left Wing Right Wing Time % Phy DF OF
1 Cutter Gauthier Fraser Minten Collin Graf 35 1 1 3
2 Cole Sillinger Zachary L'Heureux Vasili Podkolzin 35 1 1 3
3 Kevin Stenlund Kasperi Kapanen Tanner Pearson 20 1 2 2
4 Brad Lambert Nate Danielson Christian Fischer 10 2 2 1
5 vs 5 Defense
Defense Defense Time % Phy DF OF
1 Jackson LaCombe Kris Letang 40 1 2 2
2 Dmitry Orlov Jamie Drysdale 30 1 2 2
3 Conor Timmins Shayne Gostisbehere 20 2 2 1
4 Jamie Drysdale Jackson LaCombe 10 1 2 2
PowerPlay Forward
Center Left Wing Right Wing Time % Phy DF OF
1 Cutter Gauthier Fraser Minten Collin Graf 50 1 1 3
2 Cole Sillinger Zachary L'Heureux Tanner Pearson 50 0 1 3
PowerPlay Defense
Defense Defense Time % Phy DF OF
1 Jackson LaCombe Kris Letang 50 1 2 2
2 Dmitry Orlov Shayne Gostisbehere 50 1 2 2
Penalty Kill 4 Players Forward
Center Wing Time % Phy DF OF
1 Kevin Stenlund Collin Graf 50 2 2 1
2 Cole Sillinger Zachary L'Heureux 50 2 2 1
Penalty Kill 4 Players Defense
Defense Defense Time % Phy DF OF
1 Jackson LaCombe Kris Letang 50 1 2 2
2 Dmitry Orlov Conor Timmins 50 1 2 2
Penalty Kill - 3 Players Forward
Forward Time % Phy DF OF
1 Kevin Stenlund 50 1 2 2
2 Cole Sillinger 50 1 2 2
Penalty Kill - 3 Players Defense
Defense Defense Time % Phy DF OF
1 Jackson LaCombe Kris Letang 50 1 2 2
2 Dmitry Orlov Conor Timmins 50 2 2 1
4 vs 4 Forward
Center Wing Time % Phy DF OF
1 Cutter Gauthier Collin Graf 60 1 2 2
2 Cole Sillinger Zachary L'Heureux 40 1 2 2
4 vs 4 Defense
Defense Defense Time % Phy DF OF
1 Jackson LaCombe Kris Letang 60 1 2 2
2 Dmitry Orlov Jamie Drysdale 40 1 2 2
Last Minutes Offensive
Center Left Wing Right Wing Defense Defense
Cole Sillinger Cutter Gauthier Collin Graf Jackson LaCombe Kris Letang
Last Minutes Defensive
Center Left Wing Right Wing Defense Defense
Cole Sillinger Cutter Gauthier Collin Graf Jackson LaCombe Kris Letang
Goaltenders
Starting : Laurent Brossoit
Backup : Sergei Bobrovsky
Extra Forwards
Normal : Brad Lambert, Nate Danielson, Tanner Pearson - PP : Brad Lambert, Nate Danielson - PK : Brad Lambert
Extra Defensemen
Normal : Shayne Gostisbehere, Jamie Drysdale, Jackson LaCombe - PP : Shayne Gostisbehere - PK : Shayne Gostisbehere, Jamie Drysdale
Penalty Shots
Cutter Gauthier, Collin Graf, Cole Sillinger, Nate Danielson, Brad Lambert
Scratches
Jayden Struble (Healthy), Arthur Kaliyev (Strained Right Knee Injury), Vitek Vanecek (Healthy)
% Time on Ice - Edmonton Oilers
Lines # - Real PCT - Wanted PCT - Time Play
Normal Forward
1 - 30% - 30% - 13:09
2 - 27% - 30% - 11:53
3 - 26% - 25% - 11:20
4 - 18% - 15% - 8:03
Normal Defense
1 - 35% - 35% - 15:29
2 - 35% - 35% - 15:38
3 - 29% - 30% - 12:55
4 - 1% - 0% - 0:23
PP Forward
1 - 50% - 50% - 4:01
2 - 50% - 50% - 4:02
PP Defense
1 - 51% - 50% - 4:04
2 - 49% - 50% - 3:59
PK Forward
1 - 48% - 50% - 3:39
2 - 52% - 50% - 3:53
PK Defense
1 - 33% - 50% - 2:28
2 - 67% - 50% - 5:04
PK3 Forward
1 - 0% - 50%
2 - 0% - 50%
PK3 Defense
1 - 0% - 50%
2 - 0% - 50%
44 Forward
1 - 0% - 50%
2 - 0% - 50%
44 Defense
1 - 0% - 50%
2 - 0% - 50%
Last Minute Offensive - 0:00
Last Minute Defensive - 0:00
Total
Forward - 60:00
Defense - 60:00
|
% Time on Ice - Detroit Red Wings
Lines # - Real PCT - Wanted PCT - Time Play
Normal Forward
1 - 32% - 35% - 14:14
2 - 30% - 35% - 13:32
3 - 22% - 20% - 9:59
4 - 15% - 10% - 6:40
Normal Defense
1 - 42% - 40% - 18:28
2 - 31% - 30% - 13:58
3 - 23% - 20% - 10:18
4 - 4% - 10% - 1:41
PP Forward
1 - 54% - 50% - 4:02
2 - 46% - 50% - 3:30
PP Defense
1 - 56% - 50% - 4:11
2 - 44% - 50% - 3:21
PK Forward
1 - 53% - 50% - 4:18
2 - 47% - 50% - 3:45
PK Defense
1 - 52% - 50% - 4:10
2 - 48% - 50% - 3:53
PK3 Forward
1 - 0% - 50%
2 - 0% - 50%
PK3 Defense
1 - 0% - 50%
2 - 0% - 50%
44 Forward
1 - 0% - 60%
2 - 0% - 40%
44 Defense
1 - 0% - 60%
2 - 0% - 40%
Last Minute Offensive - 0:00
Last Minute Defensive - 0:00
Total
Forward - 60:00
Defense - 60:00
|
Play-by-Play
1st period
0:01 of 1st period - Ryan McLeod wins face-off versus Cutter Gauthier in neutral zone.
0:16 of 1st period - Snap shot by Collin Graf.
0:16 of 1st period - Stopped by Karel Vejmelka with a rebound.
0:35 of 1st period - Wrist shot by Cole Sillinger.
0:35 of 1st period - Stopped by Karel Vejmelka without a rebound.
0:36 of 1st period - Boone Jenner wins face-off versus Kevin Stenlund in Edmonton Oilers zone.
0:36 of 1st period - Boone Jenner is hit by Dmitry Orlov.
0:49 of 1st period - Wrist shot by Dylan Holloway.
0:49 of 1st period - Stopped by Laurent Brossoit with a rebound.
0:51 of 1st period - Slapshot by David Savard.
0:51 of 1st period - Shot Blocked by Kevin Stenlund.
1:33 of 1st period - Shayne Gostisbehere is hit by Connor McMichael and loses puck.
1:40 of 1st period - Vasili Podkolzin is hit by Brock Boeser and loses puck.
2:19 of 1st period - Wrist shot by Zachary L'Heureux.
2:19 of 1st period - Deflect By Vasili Podkolzin.
2:19 of 1st period - Shot Misses the Net.
2:19 of 1st period - Puck is out of play.
2:20 of 1st period - Ryan McLeod wins face-off versus Cutter Gauthier in Edmonton Oilers zone.
2:47 of 1st period - Scott Mayfield is hit by Jackson LaCombe and loses puck.
4:39 of 1st period - Wrist shot by Brock Boeser.
4:39 of 1st period - Stopped by Laurent Brossoit without a rebound.
4:40 of 1st period - Ryan McLeod wins face-off versus Cutter Gauthier in Detroit Red Wings zone.
4:48 of 1st period - Icing by Kris Letang.
4:49 of 1st period - Cutter Gauthier wins face-off versus Ryan McLeod in Detroit Red Wings zone.
4:55 of 1st period - Minor Penalty to David Savard for Slashing.
4:56 of 1st period - Ryan McLeod wins face-off versus Cutter Gauthier in Edmonton Oilers zone.
4:59 of 1st period - Off-side.
5:00 of 1st period - Cutter Gauthier wins face-off versus Ryan McLeod in neutral zone.
5:07 of 1st period - Snap shot by Collin Graf.
5:07 of 1st period - Goal by Collin Graf - Edmonton Oilers : 0 - Detroit Red Wings : 1.
5:08 of 1st period - Cutter Gauthier wins face-off versus Boone Jenner in neutral zone.
5:10 of 1st period - Off-side.
5:11 of 1st period - Boone Jenner wins face-off versus Cutter Gauthier in neutral zone.
5:27 of 1st period - Minor Penalty to Fraser Minten for Holding.
5:28 of 1st period - Ryan McLeod wins face-off versus Kevin Stenlund in Detroit Red Wings zone.
5:28 of 1st period - Wrist shot by Adrian Kempe.
5:28 of 1st period - Shot Misses the Net.
5:30 of 1st period - Slapshot by Jacob Trouba.
5:30 of 1st period - Shot Misses the Net.
5:32 of 1st period - Snap shot by Ryan McLeod.
5:32 of 1st period - Shot Misses the Net.
5:34 of 1st period - Slapshot by Jacob Trouba.
5:34 of 1st period - Deflect By Kirill Marchenko.
5:34 of 1st period - Goal by Kirill Marchenko - Edmonton Oilers : 1 - Detroit Red Wings : 1.
5:35 of 1st period - Ryan McLeod wins face-off versus Cutter Gauthier in neutral zone.
5:42 of 1st period - Snap shot by Kirill Marchenko.
5:42 of 1st period - Goal by Kirill Marchenko - Edmonton Oilers : 2 - Detroit Red Wings : 1.
5:43 of 1st period - Ryan McLeod wins face-off versus Cole Sillinger in neutral zone.
5:50 of 1st period - Jackson LaCombe is hit by Jacob Trouba.
6:08 of 1st period - Brandon Carlo is hit by Cutter Gauthier and loses puck.
7:08 of 1st period - Ryan McLeod is hit by Zachary L'Heureux and loses puck.
7:19 of 1st period - Snap shot by Kirill Marchenko.
7:19 of 1st period - Stopped by Laurent Brossoit with a rebound.
7:33 of 1st period - Jake DeBrusk is hit by Cutter Gauthier and loses puck.
7:53 of 1st period - Snap shot by Jake DeBrusk.
7:53 of 1st period - Shot Misses the Net.
8:23 of 1st period - Snap shot by Christian Fischer.
8:23 of 1st period - Stopped by Karel Vejmelka without a rebound.
8:24 of 1st period - Ryan McLeod wins face-off versus Cutter Gauthier in Edmonton Oilers zone.
8:33 of 1st period - Wrist shot by Ryan McLeod.
8:33 of 1st period - Shot Blocked by Fraser Minten.
8:49 of 1st period - Kris Letang is hit by Dawson Mercer and loses puck.
9:00 of 1st period - Slapshot by Dylan Holloway.
9:00 of 1st period - Stopped by Laurent Brossoit without a rebound.
9:01 of 1st period - Cole Sillinger wins face-off versus Connor McMichael in Detroit Red Wings zone.
9:05 of 1st period - Off-side.
9:06 of 1st period - Connor McMichael wins face-off versus Vasili Podkolzin in neutral zone.
9:09 of 1st period - Snap shot by Brock Boeser.
9:09 of 1st period - Shot Blocked by Jamie Drysdale.
9:11 of 1st period - Slapshot by Troy Stecher.
9:11 of 1st period - Stopped by Laurent Brossoit without a rebound.
9:12 of 1st period - Cole Sillinger wins face-off versus Adrian Kempe in Detroit Red Wings zone.
9:43 of 1st period - Snap shot by Brock Boeser.
9:43 of 1st period - Shot Blocked by Fraser Minten.
9:45 of 1st period - Wrist shot by Connor McMichael.
9:45 of 1st period - Stopped by Laurent Brossoit without a rebound.
9:46 of 1st period - Connor McMichael wins face-off versus Cutter Gauthier in Detroit Red Wings zone.
9:49 of 1st period - Snap shot by Connor McMichael.
9:49 of 1st period - Shot Blocked by Cutter Gauthier.
9:51 of 1st period - Snap shot by Connor McMichael.
9:51 of 1st period - Stopped by Laurent Brossoit with a rebound.
9:53 of 1st period - Slapshot by Jake DeBrusk.
9:53 of 1st period - Stopped by Laurent Brossoit without a rebound.
9:54 of 1st period - Cutter Gauthier wins face-off versus Connor McMichael in Detroit Red Wings zone.
9:54 of 1st period - Cutter Gauthier is hit by Connor McMichael.
10:48 of 1st period - Wrist shot by Collin Graf.
10:48 of 1st period - Stopped by Karel Vejmelka without a rebound.
10:49 of 1st period - Ryan McLeod wins face-off versus Cole Sillinger in Edmonton Oilers zone.
10:57 of 1st period - Minor Penalty to Jacob Trouba for Roughing.
10:58 of 1st period - Ryan McLeod wins face-off versus Cole Sillinger in Edmonton Oilers zone.
11:14 of 1st period - Snap shot by Cole Sillinger.
11:14 of 1st period - Deflect By Kirill Marchenko.
11:14 of 1st period - Shot Misses the Net.
11:14 of 1st period - Puck is out of play.
11:15 of 1st period - Cutter Gauthier wins face-off versus Brock Boeser in Edmonton Oilers zone.
12:27 of 1st period - Icing by Cutter Gauthier.
12:28 of 1st period - Brock Boeser wins face-off versus Cutter Gauthier in Detroit Red Wings zone.
12:57 of 1st period - Penalty to Jacob Trouba is over, Jacob Trouba is back on ice.
13:29 of 1st period - Snap shot by Kevin Stenlund.
13:29 of 1st period - Shot Blocked by Evan Bouchard.
13:31 of 1st period - Slapshot by Kris Letang.
13:31 of 1st period - Shot Misses the Net.
13:33 of 1st period - Slapshot by Jackson LaCombe.
13:33 of 1st period - Shot Misses the Net.
13:51 of 1st period - Snap shot by Adrian Kempe.
13:51 of 1st period - Stopped by Laurent Brossoit without a rebound.
13:52 of 1st period - Boone Jenner wins face-off versus Cutter Gauthier in Detroit Red Wings zone.
13:55 of 1st period - Wrist shot by Dawson Mercer.
13:55 of 1st period - Shot Misses the Net.
14:01 of 1st period - Snap shot by Fraser Minten.
14:01 of 1st period - Shot Misses the Net.
14:17 of 1st period - Jamie Drysdale is hit by Adrian Kempe and loses puck.
15:21 of 1st period - Cole Sillinger is hit by Scott Mayfield.
15:45 of 1st period - Snap shot by Boone Jenner.
15:45 of 1st period - Goal by Boone Jenner - Edmonton Oilers : 3 - Detroit Red Wings : 1.
15:46 of 1st period - Ryan McLeod wins face-off versus Cole Sillinger in neutral zone.
15:48 of 1st period - Off-side.
15:49 of 1st period - Cole Sillinger wins face-off versus Ryan McLeod in neutral zone.
15:57 of 1st period - Off-side.
15:58 of 1st period - Boone Jenner wins face-off versus Cole Sillinger in neutral zone.
16:13 of 1st period - Wrist shot by Dylan Holloway.
16:13 of 1st period - Stopped by Laurent Brossoit with a rebound.
16:23 of 1st period - Adrian Kempe is hit by Jackson LaCombe and loses puck.
16:32 of 1st period - Kirill Marchenko is hit by Cutter Gauthier and loses puck.
16:41 of 1st period - Minor Penalty to Fraser Minten for Delaying the game.
16:42 of 1st period - Connor McMichael wins face-off versus Cole Sillinger in Detroit Red Wings zone.
16:55 of 1st period - Slapshot by Zachary L'Heureux.
16:55 of 1st period - Stopped by Karel Vejmelka without a rebound.
16:56 of 1st period - Kevin Stenlund wins face-off versus Ryan McLeod in Edmonton Oilers zone.
17:21 of 1st period - Brock Boeser is hit by Kevin Stenlund and loses puck.
18:06 of 1st period - Icing by Connor McMichael.
18:07 of 1st period - Cole Sillinger wins face-off versus Connor McMichael in Edmonton Oilers zone.
18:41 of 1st period - Penalty to Fraser Minten is over, Fraser Minten is back on ice.
18:58 of 1st period - Wrist shot by Zachary L'Heureux.
18:58 of 1st period - Shot Blocked by Troy Stecher.
19:03 of 1st period - Icing by Tanner Jeannot.
19:04 of 1st period - Kevin Stenlund wins face-off versus Morgan Barron in Edmonton Oilers zone.
19:05 of 1st period - Snap shot by Tanner Pearson.
19:05 of 1st period - Shot Misses the Net.
19:11 of 1st period - Kevin Stenlund is hit by Tanner Jeannot and loses puck.
19:30 of 1st period - Snap shot by Jake DeBrusk.
19:30 of 1st period - Stopped by Laurent Brossoit without a rebound.
19:31 of 1st period - Connor McMichael wins face-off versus Cutter Gauthier in Detroit Red Wings zone.
19:38 of 1st period - Snap shot by Brock Boeser.
19:38 of 1st period - Shot Misses the Net.
19:40 of 1st period - Slapshot by Jake DeBrusk.
19:40 of 1st period - Shot Blocked by Collin Graf.
19:42 of 1st period - Wrist shot by Connor McMichael.
19:42 of 1st period - Shot Misses the Net.
19:44 of 1st period - Wrist shot by David Savard.
19:44 of 1st period - Stopped by Laurent Brossoit with a rebound.
19:49 of 1st period - Minor Penalty to Fraser Minten for Tripping.
19:50 of 1st period - Kevin Stenlund wins face-off versus Ryan McLeod in Detroit Red Wings zone.
Goals for this period are 3 for Edmonton Oilers vs 1 for Detroit Red Wings.
Shots for this period are 15 for Edmonton Oilers vs 6 for Detroit Red Wings.
2nd period
0:01 of 2nd period - Kevin Stenlund wins face-off versus Connor McMichael in neutral zone.
0:04 of 2nd period - Slapshot by Collin Graf.
0:04 of 2nd period - Stopped by Karel Vejmelka without a rebound.
0:05 of 2nd period - Kevin Stenlund wins face-off versus Jake DeBrusk in Edmonton Oilers zone.
1:17 of 2nd period - Brock Boeser is hit by Kris Letang and loses puck.
1:49 of 2nd period - Penalty to Fraser Minten is over, Fraser Minten is back on ice.
2:18 of 2nd period - Tanner Jeannot is hit by Collin Graf and loses puck.
2:59 of 2nd period - Slapshot by Jacob Trouba.
2:59 of 2nd period - Stopped by Laurent Brossoit without a rebound.
3:00 of 2nd period - Dawson Mercer wins face-off versus Brad Lambert in Detroit Red Wings zone.
3:03 of 2nd period - Snap shot by Dylan Holloway.
3:03 of 2nd period - Shot Blocked by Kris Letang.
3:05 of 2nd period - Snap shot by Dawson Mercer.
3:05 of 2nd period - Shot Misses the Net.
3:07 of 2nd period - Wrist shot by Dylan Holloway.
3:07 of 2nd period - Shot Misses the Net.
3:09 of 2nd period - Backhand shot by Evan Bouchard.
3:09 of 2nd period - Stopped by Laurent Brossoit without a rebound.
3:10 of 2nd period - Ryan McLeod wins face-off versus Cole Sillinger in Detroit Red Wings zone.
3:11 of 2nd period - Snap shot by Adrian Kempe.
3:11 of 2nd period - Stopped by Laurent Brossoit with a rebound.
3:25 of 2nd period - Slapshot by Kirill Marchenko.
3:25 of 2nd period - Stopped by Laurent Brossoit without a rebound.
3:26 of 2nd period - Cutter Gauthier wins face-off versus Connor McMichael in Detroit Red Wings zone.
3:28 of 2nd period - Minor Penalty to Cutter Gauthier for Delaying the game.
3:29 of 2nd period - Kevin Stenlund wins face-off versus Connor McMichael in Detroit Red Wings zone.
3:55 of 2nd period - Cole Sillinger is hit by Ryan McLeod and loses puck.
4:30 of 2nd period - Adrian Kempe is hit by Conor Timmins and loses puck.
5:25 of 2nd period - Icing by Evan Bouchard.
5:26 of 2nd period - Kevin Stenlund wins face-off versus Ryan McLeod in Edmonton Oilers zone.
5:28 of 2nd period - Penalty to Cutter Gauthier is over, Cutter Gauthier is back on ice.
5:35 of 2nd period - Christian Fischer is hit by Dylan Holloway and loses puck.
5:42 of 2nd period - Slapshot by Conor Timmins.
5:42 of 2nd period - Shot Blocked by Dawson Mercer.
5:44 of 2nd period - Slapshot by Conor Timmins.
5:44 of 2nd period - Stopped by Karel Vejmelka with a rebound.
6:11 of 2nd period - Icing by Conor Timmins.
6:12 of 2nd period - Cole Sillinger wins face-off versus Connor McMichael in Detroit Red Wings zone.
6:23 of 2nd period - Brandon Carlo is hit by Cole Sillinger.
6:37 of 2nd period - Wrist shot by Kevin Stenlund.
6:37 of 2nd period - Shot Misses the Net.
7:07 of 2nd period - Slapshot by Jacob Trouba.
7:07 of 2nd period - Shot Misses the Net.
7:28 of 2nd period - Snap shot by Cutter Gauthier.
7:28 of 2nd period - Shot Misses the Net.
7:30 of 2nd period - Slapshot by Collin Graf.
7:30 of 2nd period - Stopped by Karel Vejmelka without a rebound.
7:31 of 2nd period - Ryan McLeod wins face-off versus Cole Sillinger in Edmonton Oilers zone.
7:35 of 2nd period - Off-side.
7:36 of 2nd period - Ryan McLeod wins face-off versus Cole Sillinger in neutral zone.
7:45 of 2nd period - Snap shot by Kirill Marchenko.
7:45 of 2nd period - Shot Misses the Net.
8:09 of 2nd period - Wrist shot by Brock Boeser.
8:09 of 2nd period - Goal by Brock Boeser - Edmonton Oilers : 4 - Detroit Red Wings : 1.
8:10 of 2nd period - Cole Sillinger wins face-off versus Connor McMichael in neutral zone.
8:13 of 2nd period - Wrist shot by Zachary L'Heureux.
8:13 of 2nd period - Stopped by Karel Vejmelka without a rebound.
8:14 of 2nd period - Cole Sillinger wins face-off versus Connor McMichael in Edmonton Oilers zone.
8:29 of 2nd period - Slapshot by Zachary L'Heureux.
8:29 of 2nd period - Shot Misses the Net.
8:41 of 2nd period - Adrian Kempe is hit by Collin Graf and loses puck.
10:10 of 2nd period - Jackson LaCombe is hit by Ryan McLeod and loses puck.
10:25 of 2nd period - Snap shot by Zachary L'Heureux.
10:25 of 2nd period - Stopped by Karel Vejmelka with a rebound.
10:42 of 2nd period - Wrist shot by Adrian Kempe.
10:42 of 2nd period - Shot Misses the Net.
10:44 of 2nd period - Snap shot by Ryan McLeod.
10:44 of 2nd period - Shot Misses the Net.
10:54 of 2nd period - Snap shot by Adrian Kempe.
10:54 of 2nd period - Stopped by Laurent Brossoit with a rebound.
10:56 of 2nd period - Wrist shot by Evan Bouchard.
10:56 of 2nd period - Shot Misses the Net.
10:58 of 2nd period - Wrist shot by David Savard.
10:58 of 2nd period - Stopped by Laurent Brossoit with a rebound.
11:02 of 2nd period - Snap shot by Adrian Kempe.
11:02 of 2nd period - Stopped by Laurent Brossoit with a rebound.
11:04 of 2nd period - Snap shot by Adrian Kempe.
11:04 of 2nd period - Shot Misses the Net.
11:06 of 2nd period - Backhand shot by David Savard.
11:06 of 2nd period - Stopped by Laurent Brossoit without a rebound.
11:07 of 2nd period - Jake DeBrusk wins face-off versus Cutter Gauthier in Detroit Red Wings zone.
11:28 of 2nd period - Cutter Gauthier is hit by Jake DeBrusk and loses puck.
11:39 of 2nd period - Wrist shot by Cutter Gauthier.
11:39 of 2nd period - Shot Blocked by Brandon Carlo.
11:41 of 2nd period - Slapshot by Dmitry Orlov.
11:41 of 2nd period - Deflect By Jake DeBrusk.
11:41 of 2nd period - Stopped by Karel Vejmelka without a rebound.
11:42 of 2nd period - Kevin Stenlund wins face-off versus Boone Jenner in Edmonton Oilers zone.
11:49 of 2nd period - Snap shot by Kevin Stenlund.
11:49 of 2nd period - Stopped by Karel Vejmelka without a rebound.
11:50 of 2nd period - Kevin Stenlund wins face-off versus Boone Jenner in Edmonton Oilers zone.
11:51 of 2nd period - Slapshot by Tanner Pearson.
11:51 of 2nd period - Stopped by Karel Vejmelka without a rebound.
11:52 of 2nd period - Boone Jenner wins face-off versus Kevin Stenlund in Edmonton Oilers zone.
12:01 of 2nd period - Snap shot by Kasperi Kapanen.
12:01 of 2nd period - Shot Misses the Net.
12:03 of 2nd period - Wrist shot by Tanner Pearson.
12:03 of 2nd period - Shot Misses the Net.
12:05 of 2nd period - Wrist shot by Kevin Stenlund.
12:05 of 2nd period - Shot Misses the Net.
12:07 of 2nd period - Wrist shot by Kevin Stenlund.
12:07 of 2nd period - Stopped by Karel Vejmelka with a rebound.
12:50 of 2nd period - Minor Penalty to Kevin Stenlund for Hooking.
12:51 of 2nd period - Connor McMichael wins face-off versus Cole Sillinger in Detroit Red Wings zone.
12:57 of 2nd period - Snap shot by Jake DeBrusk.
12:57 of 2nd period - Shot Blocked by Dmitry Orlov.
12:59 of 2nd period - Wrist shot by Brandon Carlo.
12:59 of 2nd period - Stopped by Laurent Brossoit with a rebound.
13:17 of 2nd period - Cole Sillinger is hit by Kirill Marchenko and loses puck.
13:58 of 2nd period - Ryan McLeod is hit by Jackson LaCombe and loses puck.
14:50 of 2nd period - Penalty to Kevin Stenlund is over, Kevin Stenlund is back on ice.
14:54 of 2nd period - Zachary L'Heureux is hit by Morgan Barron and loses puck.
15:23 of 2nd period - Snap shot by Brad Lambert.
15:23 of 2nd period - Shot Blocked by Troy Stecher.
16:36 of 2nd period - Evan Bouchard is hit by Brad Lambert and loses puck.
17:07 of 2nd period - Wrist shot by Collin Graf.
17:07 of 2nd period - Shot Misses the Net.
17:09 of 2nd period - Snap shot by Cutter Gauthier.
17:09 of 2nd period - Deflect By Collin Graf.
17:09 of 2nd period - Shot Blocked by David Savard.
17:09 of 2nd period - Puck is out of play.
17:10 of 2nd period - Morgan Barron wins face-off versus Cutter Gauthier in Edmonton Oilers zone.
17:25 of 2nd period - Minor Penalty to Tanner Jeannot for Tripping.
17:26 of 2nd period - Cole Sillinger wins face-off versus Brock Boeser in Edmonton Oilers zone.
17:28 of 2nd period - Snap shot by Cole Sillinger.
17:28 of 2nd period - Shot Blocked by David Savard.
17:38 of 2nd period - David Savard is hit by Zachary L'Heureux and loses puck.
18:20 of 2nd period - Brandon Carlo is hit by Zachary L'Heureux and loses puck.
19:25 of 2nd period - Penalty to Tanner Jeannot is over, Tanner Jeannot is back on ice.
19:37 of 2nd period - Icing by Jacob Trouba.
19:38 of 2nd period - Nate Danielson wins face-off versus Dawson Mercer in Edmonton Oilers zone.
19:39 of 2nd period - Snap shot by Brad Lambert.
19:39 of 2nd period - Stopped by Karel Vejmelka with a rebound.
19:41 of 2nd period - Wrist shot by Nate Danielson.
19:41 of 2nd period - Stopped by Karel Vejmelka with a rebound.
19:43 of 2nd period - Snap shot by Brad Lambert.
19:43 of 2nd period - Goal by Brad Lambert - Edmonton Oilers : 4 - Detroit Red Wings : 2.
19:44 of 2nd period - Connor McMichael wins face-off versus Fraser Minten in neutral zone.
Goals for this period are 1 for Edmonton Oilers vs 1 for Detroit Red Wings.
Shots for this period are 10 for Edmonton Oilers vs 12 for Detroit Red Wings.
3rd period
0:01 of 3rd period - Connor McMichael wins face-off versus Cutter Gauthier in neutral zone.
0:04 of 3rd period - Snap shot by Brock Boeser.
0:04 of 3rd period - Shot Misses the Net.
0:30 of 3rd period - Slapshot by Zachary L'Heureux.
0:30 of 3rd period - Shot Misses the Net.
0:49 of 3rd period - Icing by Kirill Marchenko.
0:50 of 3rd period - Kevin Stenlund wins face-off versus Ryan McLeod in Edmonton Oilers zone.
0:55 of 3rd period - Snap shot by Kasperi Kapanen.
0:55 of 3rd period - Shot Blocked by Adrian Kempe.
1:09 of 3rd period - Slapshot by Adrian Kempe.
1:09 of 3rd period - Shot Misses the Net.
1:11 of 3rd period - Snap shot by Jacob Trouba.
1:11 of 3rd period - Shot Blocked by Fraser Minten.
1:31 of 3rd period - Wrist shot by Adrian Kempe.
1:31 of 3rd period - Shot Misses the Net.
2:33 of 3rd period - Wrist shot by Ryan McLeod.
2:33 of 3rd period - Stopped by Laurent Brossoit with a rebound.
2:35 of 3rd period - Slapshot by Brandon Carlo.
2:35 of 3rd period - Deflect By Kirill Marchenko.
2:35 of 3rd period - Shot Misses the Net.
2:35 of 3rd period - Puck is out of play.
2:36 of 3rd period - Cole Sillinger wins face-off versus Connor McMichael in Detroit Red Wings zone.
2:43 of 3rd period - Wrist shot by Vasili Podkolzin.
2:43 of 3rd period - Shot Misses the Net.
2:45 of 3rd period - Slapshot by Jackson LaCombe.
2:45 of 3rd period - Shot Blocked by Jake DeBrusk.
2:47 of 3rd period - Wrist shot by Cole Sillinger.
2:47 of 3rd period - Shot Misses the Net.
2:49 of 3rd period - Slapshot by Jackson LaCombe.
2:49 of 3rd period - Shot Misses the Net.
2:51 of 3rd period - Snap shot by Vasili Podkolzin.
2:51 of 3rd period - Shot Misses the Net.
3:09 of 3rd period - Minor Penalty to Evan Bouchard for Cross-checking.
3:10 of 3rd period - Brock Boeser wins face-off versus Cole Sillinger in Edmonton Oilers zone.
4:10 of 3rd period - Troy Stecher is hit by Brad Lambert and loses puck.
4:27 of 3rd period - Scott Mayfield is hit by Dmitry Orlov and loses puck.
5:09 of 3rd period - Penalty to Evan Bouchard is over, Evan Bouchard is back on ice.
5:51 of 3rd period - Icing by Kirill Marchenko.
5:52 of 3rd period - Boone Jenner wins face-off versus Fraser Minten in Edmonton Oilers zone.
5:52 of 3rd period - Boone Jenner is hit by Zachary L'Heureux.
6:02 of 3rd period - Zachary L'Heureux is hit by Brock Boeser and loses puck.
6:34 of 3rd period - Slapshot by Fraser Minten.
6:34 of 3rd period - Shot Misses the Net.
6:36 of 3rd period - Slapshot by Shayne Gostisbehere.
6:36 of 3rd period - Stopped by Karel Vejmelka without a rebound.
6:37 of 3rd period - Ryan McLeod wins face-off versus Kevin Stenlund in Edmonton Oilers zone.
7:13 of 3rd period - Evan Bouchard is hit by Brad Lambert and loses puck.
7:35 of 3rd period - Icing by Tanner Pearson.
7:36 of 3rd period - Boone Jenner wins face-off versus Kevin Stenlund in Detroit Red Wings zone.
7:45 of 3rd period - Slapshot by Dylan Holloway.
7:45 of 3rd period - Stopped by Laurent Brossoit without a rebound.
7:46 of 3rd period - Cole Sillinger wins face-off versus Boone Jenner in Detroit Red Wings zone.
7:58 of 3rd period - Off-side.
7:59 of 3rd period - Connor McMichael wins face-off versus Cole Sillinger in neutral zone.
8:08 of 3rd period - Slapshot by Cole Sillinger.
8:08 of 3rd period - Shot Misses the Net.
8:14 of 3rd period - Zachary L'Heureux is hit by Brock Boeser and loses puck.
9:05 of 3rd period - Scott Mayfield is hit by Nate Danielson and loses puck.
9:28 of 3rd period - Connor McMichael is hit by Conor Timmins and loses puck.
10:02 of 3rd period - Wrist shot by Connor McMichael.
10:02 of 3rd period - Shot Blocked by Tanner Pearson.
10:04 of 3rd period - Wrist shot by Connor McMichael.
10:04 of 3rd period - Stopped by Laurent Brossoit with a rebound.
10:06 of 3rd period - Backhand shot by Brandon Carlo.
10:06 of 3rd period - Shot Misses the Net.
10:08 of 3rd period - Slapshot by Brandon Carlo.
10:08 of 3rd period - Deflect By Brock Boeser.
10:08 of 3rd period - Shot Misses the Net.
10:08 of 3rd period - Puck is out of play.
10:09 of 3rd period - Ryan McLeod wins face-off versus Cole Sillinger in Detroit Red Wings zone.
10:12 of 3rd period - Wrist shot by Kirill Marchenko.
10:12 of 3rd period - Shot Misses the Net.
10:14 of 3rd period - Wrist shot by Kirill Marchenko.
10:14 of 3rd period - Stopped by Laurent Brossoit with a rebound.
10:16 of 3rd period - Snap shot by Brandon Carlo.
10:16 of 3rd period - Shot Blocked by Vasili Podkolzin.
10:18 of 3rd period - Slapshot by Brandon Carlo.
10:18 of 3rd period - Stopped by Laurent Brossoit without a rebound.
10:19 of 3rd period - Ryan McLeod wins face-off versus Cole Sillinger in Detroit Red Wings zone.
10:36 of 3rd period - Snap shot by Adrian Kempe.
10:36 of 3rd period - Deflect By Jamie Drysdale.
10:36 of 3rd period - Shot Misses the Net.
10:36 of 3rd period - Puck is out of play.
10:37 of 3rd period - Connor McMichael wins face-off versus Cutter Gauthier in Detroit Red Wings zone.
10:50 of 3rd period - Snap shot by Connor McMichael.
10:50 of 3rd period - Stopped by Laurent Brossoit with a rebound.
10:52 of 3rd period - Slapshot by Connor McMichael.
10:52 of 3rd period - Shot Misses the Net.
11:04 of 3rd period - Boone Jenner is hit by Vasili Podkolzin and loses puck.
11:09 of 3rd period - Wrist shot by Cole Sillinger.
11:09 of 3rd period - Stopped by Karel Vejmelka with a rebound.
13:02 of 3rd period - Slapshot by Kris Letang.
13:02 of 3rd period - Stopped by Karel Vejmelka with a rebound.
13:41 of 3rd period - Slapshot by Kris Letang.
13:41 of 3rd period - Deflect By Dawson Mercer.
13:41 of 3rd period - Stopped by Karel Vejmelka with a rebound.
13:59 of 3rd period - Jamie Drysdale is hit by Ryan McLeod and loses puck.
14:22 of 3rd period - Snap shot by Cutter Gauthier.
14:22 of 3rd period - Shot Misses the Net.
14:32 of 3rd period - Minor Penalty to Tanner Jeannot for Cross-checking.
14:33 of 3rd period - Fraser Minten wins face-off versus Ryan McLeod in Edmonton Oilers zone.
14:46 of 3rd period - Snap shot by Collin Graf.
14:46 of 3rd period - Shot Misses the Net.
14:48 of 3rd period - Slapshot by Shayne Gostisbehere.
14:48 of 3rd period - Deflect By Cutter Gauthier.
14:48 of 3rd period - Stopped by Karel Vejmelka without a rebound.
14:49 of 3rd period - Brock Boeser wins face-off versus Cole Sillinger in Edmonton Oilers zone.
15:02 of 3rd period - Slapshot by Shayne Gostisbehere.
15:02 of 3rd period - Stopped by Karel Vejmelka with a rebound.
15:16 of 3rd period - Fraser Minten is hit by Ryan McLeod and loses puck.
15:44 of 3rd period - Brandon Carlo is hit by Kris Letang and loses puck.
15:55 of 3rd period - Slapshot by Cutter Gauthier.
15:55 of 3rd period - Goal by Cutter Gauthier - Edmonton Oilers : 4 - Detroit Red Wings : 3.
15:56 of 3rd period - Kevin Stenlund wins face-off versus Boone Jenner in neutral zone.
15:58 of 3rd period - Off-side.
15:59 of 3rd period - Boone Jenner wins face-off versus Kevin Stenlund in neutral zone.
16:03 of 3rd period - Off-side.
16:04 of 3rd period - Boone Jenner wins face-off versus Kevin Stenlund in neutral zone.
16:29 of 3rd period - Snap shot by Adrian Kempe.
16:29 of 3rd period - Deflect By Jamie Drysdale.
16:29 of 3rd period - Stopped by Laurent Brossoit with a rebound.
16:31 of 3rd period - Snap shot by Kirill Marchenko.
16:31 of 3rd period - Stopped by Laurent Brossoit without a rebound.
16:32 of 3rd period - Ryan McLeod wins face-off versus Cutter Gauthier in Detroit Red Wings zone.
16:41 of 3rd period - Snap shot by Kirill Marchenko.
16:41 of 3rd period - Stopped by Laurent Brossoit without a rebound.
16:42 of 3rd period - Boone Jenner wins face-off versus Cutter Gauthier in Detroit Red Wings zone.
16:43 of 3rd period - Snap shot by Dawson Mercer.
16:43 of 3rd period - Stopped by Laurent Brossoit with a rebound.
16:57 of 3rd period - Slapshot by Evan Bouchard.
16:57 of 3rd period - Stopped by Laurent Brossoit without a rebound.
16:58 of 3rd period - Kevin Stenlund wins face-off versus Morgan Barron in Detroit Red Wings zone.
17:14 of 3rd period - Icing by Kasperi Kapanen.
17:15 of 3rd period - Kevin Stenlund wins face-off versus Boone Jenner in Detroit Red Wings zone.
18:06 of 3rd period - Wrist shot by Kevin Stenlund.
18:06 of 3rd period - Shot Misses the Net.
18:30 of 3rd period - Detroit Red Wings, Laurent Brossoit is pulled from the net.
18:51 of 3rd period - Slapshot by Jake DeBrusk.
18:51 of 3rd period - Goal by Jake DeBrusk - Edmonton Oilers : 5 - Detroit Red Wings : 3.
18:51 of 3rd period - Laurent Brossoit from Detroit Red Wings was sent back in the game.
18:52 of 3rd period - Boone Jenner wins face-off versus Cutter Gauthier in neutral zone.
19:31 of 3rd period - Snap shot by Kirill Marchenko.
19:31 of 3rd period - Stopped by Laurent Brossoit with a rebound.
19:33 of 3rd period - Snap shot by Kirill Marchenko.
19:33 of 3rd period - Goal by Kirill Marchenko - Edmonton Oilers : 6 - Detroit Red Wings : 3.
19:34 of 3rd period - Connor McMichael wins face-off versus Cole Sillinger in neutral zone.
19:39 of 3rd period - Wrist shot by Jake DeBrusk.
19:39 of 3rd period - Stopped by Laurent Brossoit with a rebound.
19:46 of 3rd period - Off-side.
19:47 of 3rd period - Connor McMichael wins face-off versus Cole Sillinger in neutral zone.
Goals for this period are 2 for Edmonton Oilers vs 1 for Detroit Red Wings.
Shots for this period are 15 for Edmonton Oilers vs 7 for Detroit Red Wings.
Back to the Top